 Dungeon Crawl Stone Soup version 0.17-a0-1920-gafa4d75 (webtiles) character file.

921 mcbry74 the Covert (level 8, -1/46 HPs)
             Began as a Kobold Assassin on Sept 28, 2015.
             Was a Follower of Dithmenos.
             Shot with an arrow of flame by a centaur (13 damage)
             ... on level 5 of the Dungeon.
             The game lasted 00:39:43 (4495 turns).

mcbry74 the Covert (Kobold Assassin)                Turns: 4495, Time: 00:39:45

Health: -1/46      AC:  5    Str: 10    XL:     8   Next: 31%
Magic:  8/8        EV: 17    Int:  9    God:    Dithmenos [*.....]
Gold:   236        SH:  0    Dex: 19    Spells: 0 memorised, 7 levels left

rFire  . . .     SeeInvis .     a - +2 dagger
rCold  . . .     Clarity  .     c - +0 robe
rNeg   . . .     SustAt   .     (shield restricted)
rPois  +         Gourm    .     u - +1 helmet
rElec  .         Spirit   .     d - +0 cloak
rCorr  .         Warding  .     (no gloves)
rMut   .         Stasis   .     (no boots)
MR     .....                    (no amulet)
Stlth  ++++++....               t - ring of poison resistance
                                z - ring of invisibility

@: very slightly contaminated, wreathed by umbra, not resistant to hostile
enchantments, very stealthy
A: carnivore 3
a: Renounce Religion, Evoke Invisibility


You were on level 5 of the Dungeon.
You worshipped Dithmenos.
Dithmenos was aware of your devotion.
You were not hungry.

You visited 1 branch of the dungeon, and saw 5 of its levels.

You collected 236 gold pieces.

Inventory:

Hand weapons
 a - a +2 dagger (weapon)
 b - a +0 blowgun
 x - a +0 dagger of freezing
 y - a +0 hunting sling
 D - a +1 long sword of slicing
Missiles
 i - 49 stones
 A - 5 exploding tomahawks (quivered)
 G - 3 needles of frenzy
 H - 25 sling bullets
Armour
 c - a +0 robe (worn)
 d - a +0 cloak (worn)
 u - a +1 helmet (worn)
Jewellery
 q - a +4 ring of strength
 t - a ring of poison resistance (right hand)
 z - a ring of invisibility (left hand)
 I - an uncursed ring of see invisible
Scrolls
 h - 2 scrolls of teleportation
 j - a scroll of noise
 n - 2 scrolls of identify
 o - a scroll of fog {unknown}
 p - a scroll of remove curse
 v - a scroll of recharging {unknown}
 F - 2 scrolls of enchant armour {unknown}
Potions
 g - 2 potions of mutation {unknown}
 k - a potion of magic
 l - a potion of cancellation {unknown}
 m - a potion of curing {unknown}
 r - a potion of haste {unknown}
 s - a potion of brilliance {unknown}
 B - a potion of poison {unknown}
 C - a potion of degeneration {unknown}
Books
 E - a book of Maledictions

   Spells                             Type                      Level
   a - Corona                         Hexes                        1
   b - Ensorcelled Hibernation        Hexes/Ice                    2
   c - Confuse                        Hexes                        3
   d - Tukima's Dance                 Hexes                        3
   e - Dazzling Spray                 Conjuration/Hexes            3
Comestibles
 w - a slice of pizza
 J - a chunk of flesh


   Skills:
 + Level 3.4 Fighting
 + Level 3.6 Short Blades
 + Level 1.0(4.3) Slings
 + Level 7.4 Throwing
 + Level 4.2 Dodging
 + Level 9.2 Stealth
 + Level 0.8 Evocations


You had 7 spell levels left.
You didn't know any spells.

Dungeon Overview and Level Annotations

Branches:
Dungeon (5/15)
 Temple: D:4-7

Altars:
Cheibriados
Dithmenos
Elyvilon
Okawaru
Ru
Sif Muna
Trog

Shops:
D:4 *}(

Annotations:
D:4 Anothat's ghost, average GrFi


Innate Abilities, Weirdness & Mutations

You are small and have problems with some larger weapons.
You are carnivorous and can eat meat at any time.


Message History

Firing (i - inventory. (,) - cycle):
G - 4 needles of frenzy (quivered)
Press: ? - help, Shift-Dir - straight line, f - centaur
Aim: a centaur (moderately wounded, fast, unusually strong, frenzied and insane, umbra)
You shoot a needle of frenzy. The needle of frenzy hits the centaur.
The centaur is moderately wounded.
The centaur closely misses you.
Wield which item (- for none, * to show all)? (? for menu, Esc to quit)
a - a +2 dagger (weapon)
The centaur completely misses you. The centaur closely misses you.
The centaur hits you.
The centaur shouts!
The centaur hits you.
* * * LOW HITPOINT WARNING * * *
The centaur is no longer moving quickly.
The centaur no longer looks unusually strong.
The centaur is no longer in an insane frenzy.
The centaur wields a shortbow.
The centaur shoots an arrow of flame.
The arrow of flame closely misses you.
The centaur shoots an arrow of flame.
The arrow of flame hits you!
You die...

#.###<##..................#.<..
#.##..##.###............#....÷.
#.##..##.####...........#..#..#
##.........<.............#....##
#..........####.................
#.........## #.........†.....##
#..##..#### #................#
#.###.## ####................#
## #.# ##(c.@....(.#........#
#.#####(.##########......#.#
#.#.()..## .......#.# #.#.#####
#.......... #... #.........
..... ....(.. ....... .......


You could see a centaur.

Vanquished Creatures
  Eustachio (D:4)
  A water moccasin (D:5)
  An ice beast (D:5)
  An ogre (D:5)
  2 scorpions
  3 hounds
  An iguana (D:4)
  2 orc wizards (D:5)
  3 worker ants
  A hound skeleton (D:4)
  A hound zombie (D:5)
  Robin (D:3)
  2 adders
  An adder zombie (D:5)
  A worm (D:2)
  2 giant geckos
  3 orcs
  5 bats
  2 giant cockroaches
  12 goblins
  7 hobgoblins
  11 jackals
  3 quokkas
  3 ball pythons
  7 giant newts
  4 kobolds
  5 rats
86 creatures vanquished.

Vanquished Creatures (collateral kills)
  A phantom (D:5)
1 creature vanquished.

Grand Total: 87 creatures vanquished

Notes
Turn   | Place    | Note
--------------------------------------------------------------
     0 | D:1      | mcbry74 the Kobold Assassin began the quest for the Orb.
     0 | D:1      | Reached XP level 1. HP: 12/12 MP: 1/1
   132 | D:1      | Reached XP level 2. HP: 14/17 MP: 2/2
   171 | D:1      | Reached skill level 6 in Stealth
   398 | D:1      | Reached XP level 3. HP: 21/21 MP: 3/3
   938 | D:2      | Found a white marble altar of Elyvilon.
  1664 | D:3      | Found a shadowy altar of Dithmenos.
  1669 | D:3      | Reached XP level 4. HP: 26/26 MP: 4/4
  1685 | D:3      | Became a worshipper of Dithmenos the Shadowed
  1718 | D:3      | Noticed Robin
  1726 | D:3      | Killed Robin
  1726 | D:3      | Reached skill level 7 in Stealth
  1840 | D:3      | Found a bloodstained altar of Trog.
  2376 | D:3      | Found a faded altar to an unknown god.
  2608 | D:4      | Found Qoryiph's Antique Weapon Shoppe.
  2617 | D:4      | Found a snail-covered altar of Cheibriados.
  2624 | D:4      | Found Horez's Gadget Shoppe.
  2666 | D:4      | Reached XP level 5. HP: 13/30 MP: 5/5
  2702 | D:4      | Noticed Anothat's ghost (average GrFi)
  3027 | D:4      | Reached XP level 6. HP: 31/36 MP: 6/6
  3092 | D:4      | Found Xaulirib's General Store.
  3127 | D:4      | Reached skill level 5 in Throwing
  3127 | D:4      | Reached skill level 8 in Stealth
  3143 | D:4      | Found an iron altar of Okawaru.
  3143 | D:4      | Found a deep blue altar of Sif Muna.
  3146 | D:4      | Found a sacrificial altar of Ru.
  3172 | D:4      | Noticed Eustachio
  3196 | D:4      | Killed Eustachio
  3196 | D:4      | Reached XP level 7. HP: 40/40 MP: 5/7
  3714 | D:5      | Entered Level 5 of the Dungeon
  4403 | D:5      | Reached skill level 1 in Slings
  4403 | D:5      | Reached skill level 9 in Stealth
  4403 | D:5      | Reached XP level 8. HP: 44/46 MP: 8/8
  4495 | D:5      | Shot with an arrow of flame by a centaur

Vault maps used:
D:1:      shiori_arrival_maze, nrook_mini_backslash, hangedman_decor_opposing
D:2:      old_standard_altar
D:3:      lemuel_doored_altar, lemuel_crystal_altar, ecumenical_altar_2,
          uniq_robin
D:4:      lightli_temple_of_fire, cheibriados_altar_1, minitemple, serial_shops,
          shop, shop, nicolae_shop_trees, uniq_eustachio
D:5:      first_bread

Action                   |  1- 3 |  4- 6 |  7- 9 || total
-------------------------+-------+-------+-------++-------
Melee: Dagger            |    13 |    35 |    85 ||   133
 Fire: Blowgun           |    55 |    47 |    33 ||   135
       Hunting sling     |       |       |     9 ||     9
Throw: Tomahawk          |       |     5 |     8 ||    13
 Abil: Evoke Invisibilit |       |     2 |     2 ||     4
  Use: Scroll            |     4 |     2 |     2 ||     8
       Potion            |       |       |     1 ||     1
 Stab: Sleeping          |    33 |     5 |    10 ||    48
       Distracted        |     2 |       |       ||     2
       Invisible         |       |     3 |     1 ||     4
  Eat: Chunk             |     3 |     4 |       ||     7
       Meat ration       |       |       |     1 ||     1
